AoeStats
← Sinople

Oasis

509195117Analyzed
3v3 RM · 7d ago on Sep 25, 2026· 101m 10s· 6 players
Game mode
Random Map
Map size
Normal (6 player)
Population
200
Speed
Normal
Resources
Standard
Victory
Conquest
Starting age
Dark Age
Ending age
Imperial Age
RankedLock teamsTeams togetherTeam positionsShared explorationLock speedFull tech treeHidden civsTurbo modeCheats
Victory
Defeat
🇨🇾 Hindustanis · Cyprus
1069
+18
🇨🇾 Spanish · Cyprus
1045
+19
🇨🇾 Teutons · Cyprus
1019
+20
🇷🇪 Vikings · Réunion
1153
-22
🇫🇷 Malians · France
1100
-19
🇫🇷 Burgundians · France
1049
-16
Freaky GHOSTMAN cY
5:20 Loom
10:09 Feudal Age
17:47 Castle Age
18:19 Wheelbarrow
20:53 Double-Bit Axe
26:04 Town Watch
27:14 Bloodlines
27:04 Husbandry
30:46 Forging
30:37 Scale Mail Armor
31:06 Bow Saw
31:02 Gold Mining
32:29 Fletching
33:15 Fortified Wall
34:47 Stone Mining
35:33 Gold Shaft Mining
36:40 Scale Barding Armor
36:29 Horse Collar
38:21 Hand Cart
38:58 Heavy Plow
39:53 Iron Casting
39:37 Grand Trunk Road
39:57 Murder Holes
40:49 Chain Mail Armor
43:33 Imperial Age
41:59 Caravan
43:53 Ballistics
43:44 Scale Barding Armor
45:41 Conscription
44:44 Elite Ghulam
47:21 Chemistry
46:46 Chain Barding Armor
48:31 Thumb Ring
48:28 Shatagni
49:09 Padded Archer Armor
51:06 Masonry
51:02 Siege Engineers
50:57 Bodkin Arrow
51:19 Leather Archer Armor
52:40 Ring Archer Armor
52:00 Light Cavalry
53:45 Blast Furnace
53:22 Plate Barding Armor
54:07 Hussar
56:34 Two-Man Saw
60:27 Bodkin Arrow
62:51 Siege Elephant
66:31 Heavy Camel Rider
67:55 Elite Skirmisher
68:42 Imperial Camel Rider
69:34 Bodkin Arrow
81:34 Bracer
82:12 Hoardings
92:57 Squires
Polis
9:18 Loom
12:48 Feudal Age
14:23 Double-Bit Axe
14:28 Man-at-Arms
20:50 Castle Age
21:42 Bow Saw
21:49 Horse Collar
22:56 Wheelbarrow
22:06 Town Watch
23:40 Gold Mining
26:22 Pikeman
33:08 Imperial Age
30:54 Hand Cart
31:00 Hand Cart
31:36 Town Patrol
33:56 Ballistics
33:32 Elite Skirmisher
36:48 Chemistry
37:53 Two-Man Saw
37:17 Heavy Plow
38:08 Masonry
38:36 Conscription
42:38 Fletching
42:48 Padded Archer Armor
42:59 Forging
49:58 Light Cavalry
50:49 Bloodlines
51:58 Iron Casting
51:24 Scale Mail Armor
51:29 Scale Barding Armor
51:20 Bodkin Arrow
51:40 Leather Archer Armor
54:52 Murder Holes
55:36 Cavalier
56:18 Husbandry
56:55 Architecture
57:30 Blast Furnace
56:50 Chain Barding Armor
57:40 Paladin
61:20 Caravan
61:37 Thumb Ring
63:53 Hussar
67:35 Chain Mail Armor
67:55 Plate Barding Armor
67:21 Bracer
67:52 Ring Archer Armor
80:00 Plate Mail Armor
81:14 Heavy Mounted Crossbowman
82:49 Capped Ram
86:27 Siege Ram
88:45 Coinage
88:26 Guilds
98:53 Banking
101:36 Bombard Tower
101:52 Supremacy
GhostPants
2:30 Loom
10:47 Feudal Age
11:54 Man-at-Arms
14:55 Double-Bit Axe
15:36 Horse Collar
21:59 Castle Age
19:54 Fletching
22:57 Pikeman
25:03 Wheelbarrow
26:45 Squires
27:50 Wheelbarrow
30:25 Hand Cart
32:13 Bow Saw
32:06 Heavy Plow
32:49 Gold Mining
35:18 Scale Mail Armor
35:28 Forging
35:36 Town Watch
35:59 Stone Mining
39:54 Imperial Age
39:35 Gambesons
39:49 Arson
40:24 Chain Mail Armor
40:19 Halberdier
41:54 Plate Mail Armor
42:00 Iron Casting
41:22 Bodkin Arrow
42:21 Conscription
42:24 Ironclad
42:57 Stone Shaft Mining
42:29 Padded Archer Armor
42:57 Bloodlines
43:29 Scale Barding Armor
44:02 Town Patrol
44:58 Chain Barding Armor
45:39 Blast Furnace
45:37 Cavalier
46:39 Crenellations
46:55 Hoardings
48:03 Coinage
47:43 Guilds
48:57 Leather Archer Armor
49:07 Capped Ram
49:46 Sappers
52:46 Chemistry
52:06 Ballistics
51:59 Masonry
51:55 Siege Engineers
52:01 Fortified Wall
52:52 Caravan
53:24 Banking
58:19 Bombard Tower
57:51 Guard Tower
57:46 Arrowslits
60:00 Two-Man Saw
61:29 Ring Archer Armor
62:39 Cavalier
66:52 Paladin
94:33 Onager
94:34 Heavy Scorpion
97:31 Siege Onager
Sinople
3:26 Double-Bit Axe
11:29 Feudal Age
13:32 Horse Collar
16:11 Castle Age
17:19 Bow Saw
18:51 Heavy Plow
20:58 Forging
25:06 Scale Barding Armor
24:46 Cavalier
27:36 Wheelbarrow
26:46 Loom
27:16 Husbandry
27:53 Iron Casting
27:55 Crop Rotation
29:14 Hand Cart
33:14 Chain Barding Armor
37:49 Imperial Age
35:26 Town Watch
36:50 Two-Man Saw
38:38 Ballistics
39:40 Chemistry
38:31 Paladin
39:53 Plate Barding Armor
41:46 Burgundian Vineyards
42:05 Conscription
43:43 Blast Furnace
42:44 Padded Archer Armor
48:50 Leather Archer Armor
52:07 Light Cavalry
53:34 Hussar
59:17 Hoardings
58:48 Murder Holes
73:42 Masonry
74:02 Fletching
74:33 Caravan
91:17 Elite Skirmisher
98:26 Bodkin Arrow
ilovemytiti
13:00 Feudal Age
14:09 Double-Bit Axe
20:03 Castle Age
17:49 Loom
18:41 Gold Mining
20:47 Crossbowman
22:41 Stone Mining
23:29 Town Watch
23:59 Bow Saw
24:07 Horse Collar
25:49 Fletching
27:13 Squires
27:27 Padded Archer Armor
29:54 Gold Shaft Mining
30:13 Bodkin Arrow
35:32 Imperial Age
37:14 Elite Berserk
38:04 Scale Mail Armor
38:14 Forging
38:06 Bracer
40:10 Chieftains
41:45 Chain Mail Armor
43:43 Two-Man Saw
42:48 Arson
43:44 Iron Casting
43:43 Conscription
43:43 Heavy Plow
46:06 Blast Furnace
46:49 Plate Mail Armor
48:12 Leather Archer Armor
47:45 Capped Ram
48:47 Arbalester
49:34 Siege Ram
50:46 Siege Ram
51:41 Bogsveigar
52:49 Onager
57:22 Elite Skirmisher
57:53 Elite Skirmisher
60:39 Hoardings
60:33 Caravan
61:55 Ring Archer Armor
62:31 Crop Rotation
64:02 Ballistics
64:43 Chemistry
65:44 Siege Engineers
65:50 Masonry
77:10 Pikeman
Zoraf Le Rose
8:01 Loom
10:25 Feudal Age
10:27 Man-at-Arms
14:17 Double-Bit Axe
15:25 Horse Collar
23:03 Castle Age
22:46 Scale Barding Armor
22:43 Gold Mining
23:44 Forging
24:45 Wheelbarrow
24:27 Bow Saw
32:18 Heavy Plow
33:34 Gold Shaft Mining
34:51 Bloodlines
35:41 Iron Casting
37:47 Hand Cart
43:03 Imperial Age
41:41 Scale Mail Armor
43:13 Town Watch
43:24 Stone Mining
44:29 Heavy Camel Rider
45:32 Elite Gbeto
47:30 Farimba
48:07 Crop Rotation
48:12 Husbandry
48:09 Light Cavalry
50:54 Chain Barding Armor
50:47 Town Patrol
51:31 Tigui
54:15 Conscription
54:50 Heavy Camel Rider
56:00 Ballistics
56:41 Chemistry
59:18 Stone Shaft Mining
60:07 Hoardings
62:04 Chain Mail Armor
62:24 Plate Barding Armor
68:25 Cavalier
78:58 Caravan
85:51 Long Swordsman
86:32 Squires
87:16 Plate Mail Armor
89:23 Arson
89:19 Two-Handed Swordsman
90:16 Champion
Connection lost

Rejoining the realm…

Still unreachable

The connection could not be restored.

Session expired

The server has moved on; the page needs a fresh start.